 Dungeon Crawl Stone Soup version 0.23-a0-356-g1757c6e (webtiles) character file.

4134 Garbasso the Sneak (level 10, -4/74 HPs)
             Began as a Gnoll Enchanter on Oct 21, 2018.
             Was a Follower of Ashenzari.
             Slain by a warg (8 damage)
             ... on level 8 of the Dungeon.
             The game lasted 00:27:07 (9085 turns).

Garbasso the Sneak (Gnoll Enchanter)                Turns: 9085, Time: 00:27:08

Health: -4/74      AC:  7    Str: 17    XL:     10   Next: 27%
Magic:  18/20      EV: 17    Int: 13    God:    Ashenzari [*.....]
Gold:   538        SH:  6    Dex: 20    Spells: 5/23 levels left

rFire    + + +     SeeInvis .   y - +1 hand axe (elec)
rCold    . . .     Gourm    .   I - +0 buckler of the Blizzard {rF+ Str+4 Int-4 Dex+3} (curse)
rNeg     . . .     Faith    .   n - +1 leather armour {rF+} (curse)
rPois    .         Spirit   .   (no helmet)
rElec    .         Reflect  .   i - +2 cloak (curse)
rCorr    .         Harm     .   (no gloves)
MR       .....                  (no boots)
Stlth    ++++......             E - amulet of the acrobat
HPRegen  0.22/turn              C - ring of protection from fire
MPRegen  0.17/turn              (no ring)

@: no status effects
A: distributed training, fangs 1, strong nose
a: Curse Item, Scrying, Renounce Religion


You were on level 8 of the Dungeon.
You worshipped Ashenzari.
Ashenzari was aware of your devotion.
You were not hungry.

You visited 2 branches of the dungeon, and saw 9 of its levels.

You collected 538 gold pieces.

Inventory:

Hand Weapons
 a - a +3 dagger of venom
 b - a +0 blowgun
 y - a +1 hand axe of electrocution (weapon)
Missiles
 l - 191 stones (quivered)
 v - 36 poisoned needles
Armour
 c - a +0 shield
 i - a cursed +2 cloak (worn)
 n - a cursed +1 leather armour of fire resistance (worn)
 I - the cursed +0 buckler of the Blizzard (worn) {rF+ Str+4 Int-4 Dex+3}
   (You found it on level 7 of the Dungeon)

   It affects your strength (+4).
   It affects your intelligence (-4).
   It affects your dexterity (+3).
   It protects you from fire.
   It has a curse placed upon it.
Jewellery
 C - a ring of protection from fire (left hand)
 E - an amulet of the acrobat (around neck)
Wands
 u - a wand of disintegration (13)
 F - a wand of clouds (2)
Scrolls
 g - 2 scrolls of teleportation
 h - a scroll of identify
 j - 2 scrolls of magic mapping
 m - a scroll of fog
 s - 3 scrolls of amnesia
 D - a scroll of enchant weapon
Potions
 e - 7 potions of curing
 f - a potion of cancellation {unknown}
 k - 2 potions of resistance
 o - 2 potions of magic
 p - 3 potions of brilliance {unknown}
 q - 2 potions of haste
 r - 2 potions of berserk rage {unknown}
 t - a potion of mutation {unknown}
 w - a potion of lignification {unknown}
 x - 4 potions of flight
 z - 3 potions of degeneration {unknown}
 A - a potion of invisibility
 B - a potion of heal wounds {unknown}
 G - a potion of ambrosia {unknown}
Comestibles
 d - 4 rations
 H - 2 chunks of flesh


   Skills:
 + Level 5.0 Fighting
 + Level 5.7 Short Blades
 + Level 5.0 Long Blades
 + Level 5.0 Axes
 + Level 5.0 Maces & Flails
 + Level 5.0 Polearms
 + Level 5.0 Staves
 + Level 5.0 Slings
 + Level 5.0 Bows
 + Level 5.0 Crossbows
 + Level 5.0 Throwing
 + Level 5.0 Armour
 + Level 6.9 Dodging
 + Level 7.9 Stealth
 + Level 5.0 Shields
 + Level 5.0 Unarmed Combat
 + Level 7.2 Spellcasting
 + Level 4.1 Conjurations
 + Level 6.9 Hexes
 + Level 4.1 Charms
 + Level 4.1 Summonings
 + Level 4.1 Necromancy
 + Level 4.1 Translocations
 + Level 4.1 Transmutations
 + Level 4.1 Fire Magic
 + Level 4.1 Ice Magic
 + Level 4.1 Air Magic
 + Level 4.1 Earth Magic
 + Level 4.1 Poison Magic
   Level 5.5 Invocations
 + Level 5.0 Evocations


You had 5 spell levels left.
You knew the following spells:

 Your Spells              Type           Power        Failure   Level  Hunger
a - Corona                Hex            ###....      1%          1    None
b - Ensorcelled Hibernat  Hex/Ice        ###...       2%          2    #......
c - Tukima's Dance        Hex            ###.....     3%          3    ##.....
d - Confuse               Hex            ###.....     3%          3    ##.....
e - Dazzling Spray        Conj/Hex       ###...       5%          3    ##.....
f - Summon Ice Beast      Ice/Summ       ###.....     32%         4    ####...
g - Passwall              Tmut/Erth      ###.....     4%          2    #......

Your spell library contained the following spells:

 Spells                   Type           Power        Failure   Level  Hunger
 Freeze                   Ice            ###.         3%          1    None
 Sandblast                Erth           ###...       3%          1    None
 Throw Frost              Conj/Ice       ###...       4%          2    #......
 Ozocubu's Armour         Chrm/Ice       ###.....     10%         3    ##.....
 Stone Arrow              Conj/Erth      ###...       10%         3    ##.....
 Petrify                  Tmut/Erth      ###.....     32%         4    ####...
 Throw Icicle             Conj/Ice       ###.....     32%         4    ####...
 Lee's Rapid Deconstruct  Erth           ###.......   65%         5    ######.


Dungeon Overview and Level Annotations

Branches:
Dungeon (8/15)             Temple (1/1) D:4
   Lair: D:8-11

Altars:
Ashenzari
Cheibriados
Dithmenos
Elyvilon
Fedhas
Gozag
Hepliaklqana
Kikubaaqudgha
Makhleb
Nemelex Xobeh
Qazlal
Ru
Sif Muna
Trog
Vehumet
Yredelemnul
Zin
The Shining One


Innate Abilities, Weirdness & Mutations

Your experience applies equally to all skills.
You have very sharp teeth.
Your uncanny sense of smell can sniff out nearby items.


Message History

The warg is severely wounded.
You barely miss the warg. You hit the plant. You barely miss the warg.
You closely miss the warg. The warg completely misses you.
The warg barely misses you. The warg misses you. The warg bites you.
* * * LOW HITPOINT WARNING * * *
The warg bites you.
* * * LOW HITPOINT WARNING * * *
You barely miss the warg. You bite the warg, but do no damage.
The warg is severely wounded.
You closely miss the warg. You hit the plant but do no damage.
You hit the warg but do no damage. You hit the warg.
You block the warg's attack. x2; The warg closely misses you.
The warg barely misses you.
You miss the warg. You bite the warg, but do no damage.
The warg is severely wounded.
You completely miss the warg. You hit the warg but do no damage.
Lightning courses through the warg! You hit the plant but do no damage.
You closely miss the warg. The warg misses you. The warg barely misses you.
You block the warg's attack. The warg misses you. The warg bites you!
You die...

###########################
.........hh@h......P......#
..........hPh.............#
≈≈≈≈≈≈≈≈≈≈≈≈≈≈≈≈≈≈≈≈≈≈....#
≈≈≈≈≈≈≈≈≈≈≈≈≈≈≈≈≈≈≈≈≈≈....#
≈≈≈≈≈≈≈≈≈≈≈≈≈≈≈#####≈≈....#
...............#.o.#≈≈....#
################...#≈≈....#
∆#'###≈≈....# #.#.≈≈≈....#


You could see 5 wargs.

Vanquished Creatures
  Pikel (D:4)
  Joseph (D:7)
  Eustachio (D:5)
  A hungry ghost (D:7)
  5 wargs (D:8)
  Duvessa (D:6)
  3 sky beasts
  An orc warrior (D:8)
  A black bear (D:7)
  2 phantoms
  2 centaurs
  A bullfrog (D:5)
  Dowan (D:6)
  4 scorpions
  3 killer bees (D:8)
  A howler monkey (D:4)
  3 wights (D:6)
  3 crimson imps
  3 bullfrog zombies
  A quasit (D:8)
  3 hounds
  A jelly (D:6)
  2 orc priests
  6 orc wizards
  Jessica (D:3)
  An iguana (D:5)
  5 worker ants
  A hound zombie (D:8)
  2 hound skeletons
  A worker ant zombie (D:6)
  6 adders
  2 shadow imps (D:5)
  3 oozes
  A worm (D:5)
  A dart slug (D:3)
  5 leopard geckos
  32 orcs
  A ball python (D:2)
  13 bats
  8 giant cockroaches
  4 goblins
  7 hobgoblins
  8 jackals
  2 quokkas
  3 frilled lizards
  A jackal skeleton (D:7)
  6 kobolds
  5 rats
170 creatures vanquished.

Vanquished Creatures (collateral kills)
  An orc priest (D:5)
  2 orcs
3 creatures vanquished.

Vanquished Creatures (others)
  A dancing weapon (D:4)
  A slave (D:4)
  A worker ant zombie (D:6)
  7 orcs
  A kobold (D:3)
11 creatures vanquished.

Grand Total: 184 creatures vanquished

Notes
Turn   | Place    | Note
-------+----------+-------------------------------------------
     0 | D:1      | Garbasso the Gnoll Enchanter began the quest for the Orb.
     0 | D:1      | Reached XP level 1. HP: 13/13 MP: 6/6
   205 | D:1      | Reached XP level 2. HP: 16/19 MP: 7/7
   287 | D:1      | Learned a level 2 spell: Ensorcelled Hibernation
   793 | D:1      | Reached XP level 3. HP: 25/25 MP: 9/9
   925 | D:1      | Reached skill level 5 in Spellcasting
  1345 | D:2      | Found a hazy altar of Hepliaklqana.
  2243 | D:3      | Found a radiant altar of Vehumet.
  2268 | D:3      | Found a bloodstained altar of Trog.
  2350 | D:3      | Reached skill level 1 in Invocations
  2522 | D:1      | Learned a level 3 spell: Tukima's Dance
  2526 | D:1      | Learned a level 3 spell: Confuse
  2530 | D:1      | Learned a level 3 spell: Dazzling Spray
  2671 | D:3      | Reached skill level 1 in Fighting
  2671 | D:3      | Reached skill level 1 in Long Blades
  2671 | D:3      | Reached skill level 1 in Axes
  2671 | D:3      | Reached skill level 1 in Maces & Flails
  2671 | D:3      | Reached skill level 1 in Polearms
  2671 | D:3      | Reached skill level 1 in Staves
  2671 | D:3      | Reached skill level 1 in Slings
  2671 | D:3      | Reached skill level 1 in Bows
  2671 | D:3      | Reached skill level 1 in Crossbows
  2671 | D:3      | Reached skill level 1 in Throwing
  2671 | D:3      | Reached skill level 1 in Armour
  2671 | D:3      | Reached skill level 1 in Shields
  2671 | D:3      | Reached skill level 1 in Unarmed Combat
  2671 | D:3      | Reached skill level 1 in Evocations
  2679 | D:3      | Reached XP level 4. HP: 13/32 MP: 6/11
  2992 | D:3      | Reached skill level 1 in Conjurations
  2992 | D:3      | Reached skill level 1 in Charms
  2992 | D:3      | Reached skill level 1 in Summonings
  2992 | D:3      | Reached skill level 1 in Necromancy
  2992 | D:3      | Reached skill level 1 in Translocations
  2992 | D:3      | Reached skill level 1 in Transmutations
  2992 | D:3      | Reached skill level 1 in Fire Magic
  2992 | D:3      | Reached skill level 1 in Ice Magic
  2992 | D:3      | Reached skill level 1 in Air Magic
  2992 | D:3      | Reached skill level 1 in Earth Magic
  2992 | D:3      | Reached skill level 1 in Poison Magic
  3042 | D:3      | Found a burning altar of Makhleb.
  3049 | D:3      | Reached XP level 5. HP: 37/37 MP: 9/12
  3098 | D:3      | Noticed Jessica
  3119 | D:3      | Killed Jessica
  3132 | D:3      | Noticed a water elemental
  3134 | D:3      | Found a stormy altar of Qazlal.
  3135 | D:3      | Noticed a fire elemental
  3135 | D:3      | Noticed an air elemental
  3316 | D:3      | Found a sacrificial altar of Ru.
  3327 | D:3      | Became a worshipper of Ru the Awakened
  3937 | D:4      | Noticed Pikel
  3937 | D:4      | Noticed a slave
  3937 | D:4      | Noticed a slave
  3937 | D:4      | Noticed a slave
  3938 | D:4      | Noticed a slave
  4201 | D:4      | Reached XP level 6. HP: 44/44 MP: 13/13
  4342 | D:4      | Killed Pikel
  4342 | D:4      | Reached skill level 5 in Dodging
  4342 | D:4      | Reached XP level 7. HP: 43/51 MP: 1/15
  4354 | D:4      | Found a staircase to the Ecumenical Temple.
  4537 | Temple   | Entered the Ecumenical Temple
  4599 | Temple   | Fell from the grace of Ru
  4599 | Temple   | Became a worshipper of Ashenzari the Shackled
  5106 | D:5      | Entered Level 5 of the Dungeon
  5110 | D:5      | Noticed Eustachio
  5239 | D:5      | Killed Eustachio
  5239 | D:5      | Reached XP level 8. HP: 13/57 MP: 16/16
  5944 | D:5      | Found a stormy altar of Qazlal.
  6480 | D:6      | Found a snail-covered altar of Cheibriados.
  6483 | D:6      | Reached XP level 9. HP: 65/65 MP: 18/18
  6637 | D:6      | Noticed Duvessa
  6638 | D:6      | Noticed Dowan
  6645 | D:6      | Killed Duvessa
  6663 | D:6      | Killed Dowan
  6693 | D:6      | Learned a level 4 spell: Summon Ice Beast
  7651 | D:7      | Learned a level 2 spell: Passwall
  7791 | D:7      | Noticed Joseph
  7803 | D:7      | Killed Joseph
  7803 | D:7      | Reached skill level 5 in Short Blades
  8026 | D:7      | Reached skill level 5 in Invocations
  8186 | D:7      | Got the uncursed buckler of the Blizzard {rF+ Str+4 Int-4
                  | Dex+3}
  8192 | D:7      | Identified the +0 buckler of the Blizzard {rF+ Str+4 Int-4
                  | Dex+3} (You found it on level 7 of the Dungeon)
  8369 | D:7      | Found a shadowy altar of Dithmenos.
  8383 | D:7      | You fall through a shaft!
  8548 | D:8      | Reached * piety under Ashenzari
  8554 | D:8      | Reached XP level 10. HP: 73/73 MP: 20/20
  9063 | D:8      | Reached skill level 5 in Fighting
  9063 | D:8      | Reached skill level 5 in Long Blades
  9063 | D:8      | Reached skill level 5 in Axes
  9063 | D:8      | Reached skill level 5 in Maces & Flails
  9063 | D:8      | Reached skill level 5 in Polearms
  9063 | D:8      | Reached skill level 5 in Staves
  9063 | D:8      | Reached skill level 5 in Slings
  9063 | D:8      | Reached skill level 5 in Bows
  9063 | D:8      | Reached skill level 5 in Crossbows
  9063 | D:8      | Reached skill level 5 in Throwing
  9063 | D:8      | Reached skill level 5 in Armour
  9063 | D:8      | Reached skill level 5 in Shields
  9063 | D:8      | Reached skill level 5 in Unarmed Combat
  9063 | D:8      | Reached skill level 5 in Evocations
  9085 | D:8      | Slain by a warg

Vault maps used:
D:1:      kilobyte_arrival_exit_the_forest
D:2:      old_standard_altar
D:3:      fiery_altar_vehumet, nicolae_ru_great_annihilating_truth,
          lightli_temple_of_fire, makhleb_heckhound_becter,
          nicolae_qazlal_style_of_elements, uniq_jessica
D:4:      minmay_temple_entry_statues_pillars, uniq_pikel
D:5:      overflow_temple_1_default, first_ration, serial_bayou_pond_a,
          kennysheep_big_empty_room, hangedman_minor_gate_pass, uniq_eustachio
D:6:      cheibriados_altar_1, hex_intersection, uniq_duvessa
D:7:      lemuel_coloured_pillars_altar, uniq_joseph
D:8:      lemuel_castle_with_subvaults, kennysheep_little_box, kennysheep_mini,
          grunt_temple_overflow_open
Temple:   cyrus_temple_forest

Skill      XL: |  1  2  3  4  5  6  7  8  9 10 |
---------------+-------------------------------+-----
Spellcasting   | 5 6 7 |  7.2
Stealth        | 6 7 |  7.9
Invocations    | 1 2 3 4 5 |  5.5
Fighting       | 1 2 3 4 5 |  5.0
Long Blades    | 1 2 3 4 5 |  5.0
Axes           | 1 2 3 4 5 |  5.0
Maces & Flails | 1 2 3 4 5 |  5.0
Polearms       | 1 2 3 4 5 |  5.0
Staves         | 1 2 3 4 5 |  5.0
Slings         | 1 2 3 4 5 |  5.0
Bows           | 1 2 3 4 5 |  5.0
Crossbows      | 1 2 3 4 5 |  5.0
Throwing       | 1 2 3 4 5 |  5.0
Armour         | 1 2 3 4 5 |  5.0
Shields        | 1 2 3 4 5 |  5.0
Unarmed Combat | 1 2 3 4 5 |  5.0
Evocations     | 1 2 3 4 5 |  5.0
Conjurations   | 1 2 3 4 |  4.1
Charms         | 1 2 3 4 |  4.1
Summonings     | 1 2 3 4 |  4.1
Necromancy     | 1 2 3 4 |  4.1
Translocations | 1 2 3 4 |  4.1
Transmutations | 1 2 3 4 |  4.1
Fire Magic     | 1 2 3 4 |  4.1
Ice Magic      | 1 2 3 4 |  4.1
Air Magic      | 1 2 3 4 |  4.1
Earth Magic    | 1 2 3 4 |  4.1
Poison Magic   | 1 2 3 4 |  4.1
Short Blades   | 3 4 5 |  5.7
Dodging        | 5 6 |  6.9
Hexes          | 6 |  6.9

Action                   |  1- 3 |  4- 6 |  7- 9 | 10-12 || total
-------------------------+-------+-------+-------+-------++-------
Melee: Dagger            |   108 |   109 |   285 |    42 ||   544
       Bite              |     4 |     9 |    32 |     8 ||    53
       Punch             |       |       |     5 |       ||     5
       Hand axe          |       |       |    35 |    37 ||    72
 Fire: Blowgun           |    13 |       |       |       ||    13
Throw: Stone             |     2 |       |       |     1 ||     3
 Cast: Corona            |     1 |       |     3 |       ||     4
       Ensorcelled Hiber |    16 |    18 |    23 |     4 ||    61
       Tukima's Dance    |       |     3 |     2 |       ||     5
       Confuse           |       |     2 |     6 |       ||     8
       Dazzling Spray    |       |       |     8 |       ||     8
       Passwall          |       |       |     1 |       ||     1
Invok: Curse Item        |       |       |     3 |       ||     3
Evoke: Wand              |       |       |     2 |       ||     2
  Use: Scroll            |       |    12 |     3 |       ||    15
       Potion            |       |     1 |       |       ||     1
 Stab: Sleeping          |    25 |    19 |    23 |     2 ||    69
       Confused          |       |     1 |     4 |       ||     5
       Invisible         |       |     1 |       |       ||     1
  Eat: Chunk             |     6 |     5 |    12 |       ||    23
       Ration            |       |       |     1 |     1 ||     2
Armor: Robe              |    24 |    27 |    24 |       ||    75
       Leather armour    |       |       |    53 |    13 ||    66
Dodge: Dodged            |    78 |    77 |   230 |    80 ||   465
Block: Buckler           |       |       |     9 |    37 ||    46

Table legend:
 A = Non-vault XP
 B = Vault XP
 C = Vault XP percentage of total XP
 D = Non-vault monster count
 E = Vault monster count
 F = Vault count percentage of total count
                 A         B        C        D         E       F
            +---------+---------+-------+---------+---------+-------
      Total |    3313 |    2594 |  43.9 |     151 |      23 |  13.2
            +---------+---------+-------+---------+---------+-------
        D:1 |      44 |       0 |   0.0 |      26 |       0 |   0.0
        D:2 |      13 |       0 |   0.0 |       8 |       0 |   0.0
        D:3 |     105 |     137 |  56.6 |      25 |       6 |  19.4
        D:4 |     230 |     629 |  73.2 |      21 |       1 |   4.5
        D:5 |     732 |     334 |  31.3 |      29 |       7 |  19.4
        D:6 |     673 |     230 |  25.5 |      11 |       2 |  15.4
        D:7 |     856 |     439 |  33.9 |      17 |       1 |   5.6
        D:8 |     660 |     825 |  55.6 |      14 |       6 |  30.0
            +---------+---------+-------+---------+---------+-------
